AoeStats
← Blazing Cartesia, The Virtuous

Arabia

510111666Analyzed
1v1 RM · 2d ago on Sep 29, 2026· 31m 5s· 2 players
Game mode
Random Map
Map size
Tiny (2 player)
Population
200
Speed
Normal
Resources
Standard
Victory
Conquest
Starting age
Dark Age
Ending age
Imperial Age
RankedLock teamsTeams togetherTeam positionsShared explorationLock speedFull tech treeHidden civsTurbo modeCheats
Victory
Defeat
🇻🇳 Magyars · Vietnam
1220
+16
1216
-16
Blazing Cartesia, The Virtuous
6:20 Loom
9:17 Feudal Age
9:52 Double-Bit Axe
16:03 Fletching
20:31 Padded Archer Armor
24:25 Castle Age
22:51 Gold Mining
24:35 Crossbowman
25:38 Bodkin Arrow
28:13 Elite Skirmisher
29:36 Bow Saw
29:54 Leather Archer Armor
Vn-Huy.nguyen
6:45 Loom
9:30 Feudal Age
10:07 Double-Bit Axe
20:55 Castle Age
19:35 Gold Mining
21:26 Padded Archer Armor
20:59 Elite Skirmisher
24:50 Scale Barding Armor
24:17 Light Cavalry
25:55 Bloodlines
26:41 Leather Archer Armor
26:43 Fletching
Connection lost

Rejoining the realm…

Still unreachable

The connection could not be restored.

Session expired

The server has moved on; the page needs a fresh start.